 Dungeon Crawl Stone Soup version 0.24-a0-447-ge8da9206dc (webtiles) character file.

Game seed: 14630337088228535258

985 pk666 the Magician (level 7, 0/36 HPs)
             Began as a Deep Elf Wizard on June 25, 2019.
             Was an Initiate of Vehumet.
             Slain by Grinder (4 damage)
             ... on level 4 of the Dungeon.
             The game lasted 00:14:26 (5822 turns).

pk666 the Magician (Deep Elf Wizard)                Turns: 5822, Time: 00:14:27

Health: 0/36       AC:  6    Str:  4    XL:     7   Next: 97%
Magic:  11/20      EV: 16    Int: 25    God:    Vehumet [......]
Gold:   209        SH:  0    Dex: 13    Spells: 12/21 levels left

rFire    + + .     SeeInvis .   t - +1 dagger (speed)
rCold    . . .     Gourm    +   (no shield)
rNeg     . . .     Faith    .   y - +2 robe {rF+}
rPois    .         Spirit   .   b - +0 hat
rElec    .         Reflect  .   (no cloak)
rCorr    .         Harm     .   w - +0 pair of gloves (curse)
MR       .....                  l - +0 pair of boots
Stlth    ++........             i - amulet of the gourmand
HPRegen  0.12/turn              c - +3 ring of evasion
MPRegen  0.17/turn              f - ring of protection from fire

@: no status effects
A: no striking features
a: Renounce Religion


You were on level 4 of the Dungeon.
You worshipped Vehumet.
Vehumet was noncommittal.
You were completely stuffed.

You visited 2 branches of the dungeon, and saw 7 of its levels.

You collected 251 gold pieces.
You spent 42 gold pieces at shops.

Inventory:

Hand Weapons
 t - a +1 dagger of speed (weapon)
Armour
 b - a +0 hat (worn)
 l - a +0 pair of boots (worn)
 w - a cursed +0 pair of gloves (worn)
 y - a +2 robe of fire resistance (worn)
Jewellery
 c - a +3 ring of evasion (left hand)
 f - a ring of protection from fire (right hand)
 i - an amulet of the gourmand (around neck)
 q - an uncursed ring of ice
Scrolls
 e - a scroll of remove curse
 h - 2 scrolls of enchant weapon {unknown}
 m - 2 scrolls of blinking
 s - a scroll of identify
 u - 2 scrolls of fear {unknown}
 x - a scroll of teleportation
Potions
 g - a potion of resistance {unknown}
 j - 2 potions of ambrosia {unknown}
 k - a potion of lignification {unknown}
 n - a potion of brilliance {unknown}
 o - a potion of haste {unknown}
 p - a potion of invisibility {unknown}
 r - 2 potions of curing {unknown}
 v - a potion of flight {unknown}
 z - 3 potions of heal wounds {unknown}
 A - a potion of might {unknown}
Comestibles
 d - 7 rations
 B - 2 chunks of flesh


   Skills:
 - Level 3.1 Dodging
 - Level 2.4 Stealth
 + Level 7.5 Spellcasting
 + Level 5.0 Conjurations
   Level 1.1 Summonings
 - Level 3.0 Translocations
 + Level 4.2 Fire Magic
 - Level 2.0 Air Magic
 - Level 3.0 Poison Magic


You had 12 spell levels left.
You knew the following spells:

 Your Spells              Type           Power        Failure   Level  Hunger
a - Magic Dart            Conj           ####         1%          1    None
b - Blink                 Tloc           N/A          2%          2    None
c - Conjure Flame         Conj/Fire      ####....     3%          3    None
d - Mephitic Cloud        Conj/Pois/Air  ####....     4%          3    None

Your spell library contained the following spells:

 Spells                   Type           Power        Failure   Level  Hunger
 Call Imp                 Summ           ##......     6%          2    None
 Slow                     Hex            #.......     10%         2    None


Dungeon Overview and Level Annotations

Branches:
Dungeon (6/15)             Temple (1/1) D:5

Altars:
Ashenzari
Cheibriados
Elyvilon
Fedhas
Gozag
Hepliaklqana
Kikubaaqudgha
Makhleb
Nemelex Xobeh
Okawaru
Qazlal
Ru
Sif Muna
Trog
Uskayaw
Vehumet
Wu Jian
Xom
Yredelemnul
Zin
The Shining One

Shops:
D:5 ?

Annotations:
D:4 1 runed translucent door, Crazy Yiuf, Grinder


Message History

Grinder completely misses you.
Casting: Magic Dart (safe; 1% risk of failure)
Confirm with . or Enter, or press ? or * to list all spells.
Aiming: Magic Dart (safe; 1% risk of failure)
Press: ? - help, Shift-Dir - straight line, f/p - Grinder
Aim: Grinder (severely wounded)
The magic dart hits Grinder!
Grinder is almost dead.
Grinder hits you.
You writhe in agony.
Casting: Magic Dart (safe; 1% risk of failure)
Confirm with . or Enter, or press ? or * to list all spells.
Aiming: Magic Dart (safe; 1% risk of failure)
Press: ? - help, Shift-Dir - straight line, f/p - Grinder
Aim: Grinder (almost dead)
The magic dart hits Grinder.
Grinder is almost dead.
Grinder hits you!
* * * LOW HITPOINT WARNING * * *
You writhe in agony.
You die...

###)....##....##....##...#####'##
#).....#.....##....##...#.......
#......#.....#......#...#.......
#......#.....+......#...#>......
##>....##....##.....#...#.......
########....##.....#...#.....[.
#..<.........#...#.......
#......5.....#...'.......
#.......@....#...#...[...
##########..####'#.......
####..##...#....... #####
#..........'....... #..)#
#..........#....... #...#
#..........#....... ...
#..........#..).... #+#
#..........#....... ♣♣.♣
#..........'.......


You could see Grinder.

Vanquished Creatures
  Duvessa (D:4)
  A sky beast (D:5)
  An ogre (D:4)
  Dowan (D:4)
  2 scorpions
  2 crimson imps
  A jelly (D:5)
  2 orc wizards
  A bullfrog skeleton (D:4)
  A gnoll shaman (D:4)
  2 iguanas
  3 worker ants
  A hound zombie (D:5)
  5 adders
  5 gnolls (D:4)
  A shadow imp (D:5)
  3 worms
  A dart slug (D:3)
  4 leopard geckos
  11 orcs
  6 giant cockroaches
  9 goblins
  6 hobgoblins
  7 jackals
  2 quokkas
  7 bats
  4 frilled lizards
  A hobgoblin zombie (D:6)
  A jackal skeleton (D:4)
  13 kobolds
  A leopard gecko zombie (D:5)
  An orc zombie (D:6)
  7 rats
114 creatures vanquished.

Notes
Turn   | Place    | Note
-------+----------+-------------------------------------------
     0 | D:1      | pk666 the Deep Elf Wizard began the quest for the Orb.
     0 | D:1      | Reached XP level 1. HP: 10/10 MP: 7/7
   139 | D:1      | Reached XP level 2. HP: 15/15 MP: 3/9
   694 | D:1      | Reached skill level 5 in Spellcasting
   694 | D:1      | Reached XP level 3. HP: 19/19 MP: 6/11
   737 | D:1      | Learned a level 2 spell: Blink
   741 | D:1      | Learned a level 3 spell: Conjure Flame
   745 | D:1      | Learned a level 3 spell: Mephitic Cloud
  1554 | D:2      | Reached XP level 4. HP: 24/24 MP: 5/13
  2227 | D:3      | Reached skill level 1 in Poison Magic
  2391 | D:3      | Reached skill level 1 in Air Magic
  2576 | D:3      | Reached skill level 1 in Fire Magic
  2576 | D:3      | Reached XP level 5. HP: 28/28 MP: 9/14
  3082 | D:4      | Noticed Grinder
  3144 | D:4      | Noticed an ogre
  3154 | D:4      | Killed an ogre
  3264 | D:4      | Reached XP level 6. HP: 24/32 MP: 7/16
  3503 | D:4      | You fall into a shaft and drop 2 floors!
  3572 | D:5      | Entered Level 5 of the Dungeon
  3667 | D:5      | Reached skill level 6 in Spellcasting
  3789 | D:5      | Noticed a sky beast
  3794 | D:5      | Killed a sky beast
  4009 | D:5      | Found Habihe's Magic Scroll Emporium.
  4021 | D:5      | Bought a scroll of teleportation for 42 gold pieces
  4040 | D:5      | Reached XP level 7. HP: 36/36 MP: 3/18
  4325 | D:5      | Found a staircase to the Ecumenical Temple.
  4331 | Temple   | Entered the Ecumenical Temple
  4473 | Temple   | Became a worshipper of Vehumet
  4961 | D:4      | Noticed Duvessa
  5319 | D:4      | Reached skill level 7 in Spellcasting
  5390 | D:4      | Found a glowing golden altar of the Shining One.
  5454 | D:4      | Killed Duvessa
  5457 | D:4      | Noticed Dowan
  5461 | D:4      | Killed Dowan
  5623 | D:4      | Found a runed translucent door.
  5624 | D:4      | Noticed Crazy Yiuf
  5696 | D:4      | Reached skill level 5 in Conjurations
  5822 | D:4      | Slain by Grinder

Levels and vault maps discovered:
D:1:      lemuel_arrival_room, layout_basic, minmay_misc_feat_diagonals
D:2:      layout_basic, serial_curves, eino_curves_01, eino_curves_03,
          eino_curves_03
D:3:      layout_basic
D:4:      layout_gridville, first_ration, nicolae_tso_carved_into_rock,
          uniq_duvessa, uniq_grinder, uniq_crazy_yiuf_cottage
D:5:      layout_basic, minmay_temple_entry_grid, serial_shops,
          nicolae_shop_waterfront, minmay_misc_feat_pillars,
          hangedman_abyss_or_decor_stabs
D:6:      layout_loops_corners, marbit_many_paths, serial_shops,
          kennysheep_mini, minmay_mini_ossuary
Temple:   minmay_crystal_snake_temple

Skill      XL: |  1  2  3  4  5  6  7 |
---------------+----------------------+-----
Dodging        | 3 |  3.1
Conjurations   | 2 3 5 |  5.0
Spellcasting   | 5 6 7 |  7.5
Poison Magic   | 1 2 3 |  3.0
Air Magic      | 1 2 |  2.0
Translocations | 2 3 |  3.0
Fire Magic     | 1 2 4 |  4.2
Stealth        | |  2.4
Summonings     | |  1.1

Action                   |  1- 3 |  4- 6 |  7- 9 || total
-------------------------+-------+-------+-------++-------
Melee: Dagger            |     3 |     5 |    71 ||    79
 Cast: Magic Dart        |    96 |   160 |   122 ||   378
       Conjure Flame     |       |     8 |     2 ||    10
       Mephitic Cloud    |       |     1 |     8 ||     9
  Use: Scroll            |     1 |     5 |       ||     6
 Stab: Sleeping          |     1 |       |       ||     1
  Eat: Chunk             |     2 |    23 |     6 ||    31
Armor: Robe              |     2 |       |     9 ||    11
Dodge: Dodged            |    28 |    13 |    59 ||   100

Table legend:
 A = Non-vault XP
 B = Vault XP
 C = Vault XP percentage of total XP
 D = Non-vault monster count
 E = Vault monster count
 F = Vault count percentage of total count
                 A         B        C        D         E       F
            +---------+---------+-------+---------+---------+-------
      Total |    1183 |     225 |  16.0 |     110 |       4 |   3.5
            +---------+---------+-------+---------+---------+-------
        D:1 |      50 |       0 |   0.0 |      32 |       0 |   0.0
        D:2 |      75 |       0 |   0.0 |      20 |       0 |   0.0
        D:3 |     109 |       0 |   0.0 |      20 |       0 |   0.0
        D:4 |     482 |     223 |  31.6 |      23 |       2 |   8.0
        D:5 |     432 |       0 |   0.0 |      14 |       0 |   0.0
        D:6 |      35 |       2 |   5.4 |       1 |       2 |  66.7
            +---------+---------+-------+---------+---------+-------
